 Dungeon Crawl Stone Soup version 0.27-a0-906-g0a00ce863d (webtiles) character file.

Game seed: 16335073370830410105

179 porpoise the Digger (level 5, -7/38 HPs)
             Began as a Demigod Earth Elementalist on Apr 7, 2021.
             Mangled by Pikel
             ... wielding a +2 whip of flaming
              (11 damage)
             ... on level 4 of the Dungeon.
             The game lasted 00:14:56 (7935 turns).

porpoise the Digger (Demigod Earth Elementalist)    Turns: 7935, Time: 00:14:56

Health: -7/38      AC:  3    Str:  9    XL:     5   Next: 10%
Magic:  10/13      EV: 12    Int: 21    God:
Gold:   51         SH:  0    Dex: 14    Spells: 4/11 levels left

rFire    . . .     SeeInvis .   a - +4 dagger
rCold    . . .     Faith    .   (no shield)
rNeg     . . .     Spirit   .   c - +0 robe
rPois    .         Reflect  .   (no helmet)
rElec    .         Harm     .   (no cloak)
rCorr    .         Rampage  .   (no gloves)
Will     .....                  l - +0 pair of boots
Stlth    ++........             (no amulet)
HPRegen  0.12/turn              (no ring)
MPRegen  0.13/turn              (no ring)

@: very slightly contaminated, hasted, invisible, very quick
A: high mp 1, forlorn
a: no special abilities


You were on level 4 of the Dungeon.
You visited 1 branch of the dungeon, and saw 4 of its levels.

You collected 51 gold pieces.

Inventory:

Hand Weapons
 a - a +4 dagger (weapon)
Missiles
 b - 45 stones
 d - 23 bolts
 j - 17 poisoned darts (quivered)
 k - 4 datura-tipped darts
 p - 31 sling bullets
 r - 20 arrows
Armour
 c - a +0 robe (worn)
 l - a +0 pair of boots (worn)
Jewellery
 f - a ring of fire
 h - a +4 ring of protection
Scrolls
 g - a scroll of fog {unknown}
 m - 2 scrolls of teleportation {unknown}
 n - 4 scrolls of identify {unknown}
Potions
 e - 2 potions of haste
 i - a potion of might
 o - a potion of curing
 q - a potion of heal wounds {unknown}
 s - a potion of brilliance {unknown}
 t - a potion of invisibility


   Skills:
 - Level 1.7 Dodging
 - Level 1.7 Stealth
 + Level 3.5 Spellcasting
 - Level 0.8 Transmutations
 + Level 4.3 Earth Magic


You had 4 spell levels left.
You knew the following spells:

 Your Spells              Type           Power      Damage    Failure   Level
a - Sandblast             Erth           44%        2d11      1%          1
b - Stone Arrow           Conj/Erth      24%        3d8       16%         3
m - Mephitic Cloud        Conj/Pois/Air  3%         N/A       36%         3

Your spell library contained the following spells:

 Spells                   Type           Power      Damage    Failure   Level
 Passwall                 Tmut/Erth      11%        N/A       7%          2
 Magic Dart               Conj           12%        1d3       13%         1
 Blink                    Tloc           N/A        N/A       19%         2
 Call Imp                 Summ           3%         N/A       19%         2
 Slow                     Hex            3%         N/A       19%         2
 Confusing Touch          Hex            3%         N/A       36%         3
 Conjure Flame            Conj/Fire      3%         6-21      36%         3
 Gell's Gravitas          Tloc           1%         N/A       36%         3
 Petrify                  Tmut/Erth      14%        N/A       41%         4
 Lee's Rapid Deconstruct  Erth           11%        3d9*      50%         5
 Yara's Violent Unravell  Hex/Tmut       2%         3d3       96%         5
 Metabolic Englaciation   Hex/Ice        1%         N/A       98%         5


Dungeon Overview and Level Annotations

Branches:
Dungeon (4/15)
 Temple: D:4-7

Shops:
D:1 [

Annotations:
D:4 Pikel


Innate Abilities, Weirdness & Mutations

Your attributes grow dramatically as you level up.
You have an increased reservoir of magic. (+10% MP)
You shall have no god before yourself.


Message History

You are very lightly contaminated with residual magic.
Okay, then.
Unknown command.
You closely miss Pikel.
Pikel is moderately wounded.
Pikel closely misses you.
You hit Pikel but do no damage.
Pikel is moderately wounded.
You hit Pikel.
Pikel is heavily wounded.
Pikel barely misses you.
You catch the helpless Pikel completely off-guard!
You hit Pikel.
Pikel is heavily wounded.
You barely miss Pikel.
Pikel is heavily wounded.
You hit Pikel.
Pikel is heavily wounded.
Pikel hits you with a +2 whip of flaming!
* * * LOW HITPOINT WARNING * * *
Pikel burns you.
* * * LOW HITPOINT WARNING * * *
You hit Pikel but do no damage.
Pikel is heavily wounded.
Pikel closely misses you.
You hit Pikel.
Pikel is heavily wounded.
Pikel misses you.
You closely miss Pikel.
Pikel is heavily wounded.
You barely miss Pikel.
Pikel is heavily wounded.
Pikel closely misses you.
You catch the helpless Pikel completely off-guard!
You hit Pikel.
Pikel is heavily wounded.
You hit Pikel but do no damage.
Pikel is heavily wounded.
Pikel hits you with a +2 whip of flaming!
You die...

#.##..!. ######..#...
.#..#.# ##..##.##
..... ###..## .# ...
#...## .# # #.# ##.###
#.#. #.#####..######
#...g##...............
#....####.#######.
#....>#@## #.#
....###K# ..# ..# #..
.### . ##.# . ... ...
##. .#


You could see Pikel and a goblin (wandering).

Vanquished Creatures
  A centaur skeleton (D:4)
  5 adders
  A worm (D:3)
  4 dart slugs (D:1)
  6 orcs (D:3)
  9 ball pythons
  12 endoplasms
  5 giant cockroaches
  7 goblins
  7 hobgoblins
  6 jackals (D:1)
  6 kobolds
  2 quokkas
  5 bats
  4 frilled lizards
  2 rats
82 creatures vanquished.

Vanquished Creatures (others)
  4 plants (D:3)
4 creatures vanquished.

Grand Total: 86 creatures vanquished

Notes
Turn   | Place    | Note
-------+----------+-------------------------------------------
     0 | D:1      | porpoise the Demigod Earth Elementalist began the quest for
                  | the Orb.
     0 | D:1      | Reached XP level 1. HP: 14/14 MP: 5/5
   299 | D:1      | Reached skill level 3 in Earth Magic
   304 | D:1      | Reached XP level 2. HP: 14/20 MP: 0/7
  2227 | D:1      | Reached XP level 3. HP: 15/26 MP: 9/9
  3013 | D:1      | Learned a level 3 spell: Stone Arrow
  3017 | D:1      | Learned a level 3 spell: Mephitic Cloud
  3018 | D:1      | Found Zak Belu's Armour Shop.
  5136 | D:3      | Reached XP level 4. HP: 22/33 MP: 8/11
  5600 | D:3      | Reached skill level 4 in Earth Magic
  7745 | D:4      | Reached XP level 5. HP: 35/38 MP: 9/13
  7906 | D:4      | Noticed Pikel
  7935 | D:4      | Mangled by Pikel

Illustrated notes

Levels and vault maps discovered:
D:1:      roderic_octagonal_star, layout_basic, ebering_ecumenical_altar_mist,
          serial_curves, eino_curves_02, eino_curves_01, eino_curves_02,
          eino_curves_03, serial_shops, nicolae_shop_behind_doors
D:2:      layout_rooms, basic_altar, minmay_misc_feat_roman,
          minmay_statues_item, minmay_tetromino_l2
D:3:      layout_rooms, lemuel_round_altar, nemelex_dance_club_becter,
          serial_bayou_crossing
D:4:      layout_rooms, lightli_corner_chamber, uniq_pikel, uniq_robin,
          uniq_duvessa

Skill      XL: |  1  2  3  4 |
---------------+-------------+-----
Spellcasting   | 2 3 |  3.5
Earth Magic    | 3 4 |  4.3
Dodging        | |  1.7
Stealth        | |  1.7
Transmutations | |  0.8

Action                   |  1- 3 |  4- 6 || total
-------------------------+-------+-------++-------
Melee: Dagger            |    73 |    49 ||   122
       Unarmed           |     3 |       ||     3
       Short sword       |   100 |     3 ||   103
Throw: Dart              |    35 |    37 ||    72
       Stone             |       |     1 ||     1
 Cast: Sandblast         |    32 |    30 ||    62
       Stone Arrow       |       |     1 ||     1
  Use: Potion            |       |     3 ||     3
 Stab: Sleeping          |     3 |     2 ||     5
       Invisible         |       |     2 ||     2
Armor: Robe              |    42 |    22 ||    64
Dodge: Dodged            |   136 |    40 ||   176

Table legend: (Time is in decaauts)
 A = Elapsed time spent in this place.
 B = Non-inter-level travel time spent in this place.
 C = Inter-level travel time spent in this place.
 D = Time resting spent in this place.
 E = Time spent auto-exploring this place.
 F = Levels seen in this place.
 G = Mean time per level.
                   A        B        C        D        E       F      G
               +--------+--------+--------+--------+--------+-----+--------+
         Total |   7946 |   7842 |    104 |   5259 |   1833 |   4 | 1986.5 |
       Dungeon |   7946 |   7842 |    104 |   5259 |   1833 |   4 | 1986.5 |
               +--------+--------+--------+--------+--------+-----+--------+

Top non-repeatable levels by time:
     D:1: 3358 daAuts
     D:3: 2522 daAuts
     D:2: 1994 daAuts
     D:4: 70 daAuts
